Map: New Repugnancy LE

Players

Leandoer

  • Race: Zerg Zerg
  • Spawn Location: 7:00

BratOK (Brat_OK) - Winner!

  • Race: Terran Terran
  • Spawn Location: 1:00

Event: 2019 WCS Spring

VOD

Have the link to the VOD?

Description

Time

  • Played on: May 17, 2019, 6:34 a.m.
  • Length: 12:56

All games in this series

Show
View Real Time Build Order
Export as new Build Order

Leandoer Zerg 

Build Orders: Hatch First 

Get SALT Encoding   

  12  0:01  Drone  
  13  0:13  Overlord  
  13  0:17  Drone  
  14  0:32  Drone x2  
  16  0:49  Hatchery  
  15  0:51  Drone  
  15  0:55  Drone  
  17  0:58  Drone  
  18  1:09  Extractor  
  17  1:14  Spawning Pool  
  17  1:17  Drone  
  17  1:20  Drone  
  18  1:28  Drone  
  19  1:39  Drone  
  20  1:51  Overlord  
  20  2:01  Queen x2  
  20  2:02  Zergling x4  
  26  2:10  Metabolic Boost  
  26  2:13  Drone x2  
  29  2:22  Drone  
  29  2:24  Drone  
  30  2:36  Drone  
  30  2:37  Queen  
  32  2:53  Overlord  
  32  2:54  Drone x3  
  32  2:56  Drone  
  35  3:04  Pneumatized Carapace  
  35  3:09  Overlord  
  35  3:10  Overlord  
  35  3:13  Queen  
  37  3:25  Hatchery  
  36  3:28  Drone  
  36  3:29  Drone  
  36  3:31  Zergling x2  
  39  3:39  Drone  
  39  3:40  Drone  
  39  3:41  Drone x2  
  43  3:47  Drone x4  
  47  3:53  Queen  
  49  4:00  Baneling Nest  
  49  4:02  Queen  
  48  4:05  Zergling x2  
  48  4:07  Zergling x2  
  52  4:13  Zergling x6  
  55  4:18  Overlord  
  55  4:21  Spore Crawler x2  
  53  4:24  Overlord  
  53  4:27  Overlord  
  53  4:39  Drone x3  
  53  4:41  Drone x4  
  53  4:43  Queen  
  62  4:55  Overlord  
  62  4:56  Spore Crawler  
  62  4:58  Baneling x3  
  61  5:01  Drone  
  61  5:03  Drone x2  
  61  5:04  Drone x2  
  61  5:06  Lair  
  66  5:09  Extractor, Drone  
  66  5:10  Drone  
  67  5:17  Extractor, Drone x2  
  67  5:18  Drone x2  
  67  5:19  Extractor  
  67  5:20  Drone  
  67  5:21  Drone  
  71  5:29  Overlord x2  
  71  5:31  Drone  
  72  5:37  Drone x3  
  72  5:40  Drone  
  76  5:49  Evolution Chamber  
  71  5:51  Evolution Chamber  
  71  5:52  Drone x3  
  71  5:53  Drone x4  
  76  5:58  Drone  
  76  6:02  Drone x3  
  80  6:06  Drone x3  
  80  6:10  Hatchery  
  78  6:12  Drone x3  
  78  6:15  Queen  
  78  6:16  Zerg Melee Weapons Level 1  
  78  6:18  Drone  
  78  6:19  Drone  
  77  6:26  Drone  
  77  6:27  Drone x2  
  77  6:28  Drone x3  
  82  6:33  Drone x3  
  82  6:37  Drone  
  86  6:43  Extractor x2  
  86  6:44  Hydralisk Den, Drone x3  
  86  6:47  Overseer  
  86  6:54  Zergling x4  
  86  7:03  Zerg Missile Weapons Level 1  
  78  7:13  Drone x3  
  78  7:14  Drone x5  
  78  7:15  Drone x2  
  87  7:16  Baneling x4  
  87  7:18  Centrifical Hooks  
  87  7:19  Hydralisk  
  89  7:27  Hydralisk x3  
  95  7:40  Zergling x2  
  95  7:42  Overlord  
  95  7:43  Overlord x2  
  96  7:44  Muscular Augments  
  96  7:45  Overlord  
  96  7:52  Infestation Pit  
  95  8:01  Hydralisk, Drone x5  
  95  8:02  Hydralisk x3  
  95  8:04  Zergling x8  
  112  8:06  Drone x3  
  112  8:10  Baneling  
  115  8:15  Zerg Melee Weapons Level 2  
  115  8:19  Drone x3  
  113  8:31  Hydralisk  
  113  8:32  Hydralisk x5  
  113  8:33  Zergling x12  
  126  8:43  Baneling x7  
  126  8:44  Drone x2  
  126  8:47  Overlord x2  
  126  8:48  Overlord  
  128  8:52  Extractor  
  128  8:54  Extractor  
  128  8:55  Grooved Spines, Spine Crawler  
  125  8:57  Spine Crawler  
  125  8:58  Spore Crawler  
  125  8:59  Zergling x10  
  128  9:03  Overlord x3  
  128  9:12  Zergling x18  
  128  9:17  Drone x4  
  139  9:24  Drone x6  
  144  9:25  Drone x2  
  144  9:27  Hive  
  148  9:46  Zergling x16  
  156  10:01  Overlord x2  
  156  10:05  Baneling x9  
  156  10:09  Hydralisk  
  156  10:10  Hydralisk x10, Hatchery  
  150  10:24  Drone x4  
  150  10:25  Drone x3  
  150  10:26  Drone  
  150  10:27  Hydralisk x2  
  153  10:33  Zergling x2  
  137  10:36  Queen  
  137  10:43  Spire  
  137  10:44  Hydralisk x2  
  137  10:45  Hydralisk  
  137  10:46  Zergling x2  
  143  10:55  Overseer  
  139  11:04  Zergling x16  
  130  11:07  Hydralisk x2  
  132  11:14  Zergling x10  
  129  11:19  Zergling x4  
  120  11:29  Zergling x2  
  120  11:30  Zergling x6  
  120  11:36  Hydralisk x4  
  126  11:44  Zergling x12  
  132  11:50  Baneling  
  132  11:51  Baneling x5  
  132  11:54  Overseer  
  130  11:57  Hydralisk x6  
  135  12:03  Hydralisk x3  
  134  12:13  Hydralisk x6  
  134  12:14  Hydralisk x4  
  138  12:24  Zergling x2  
  138  12:25  Zergling x12  
  135  12:30  Zergling x2  
  135  12:31  Zergling x6  
Show
View Real Time Build Order
Export as new Build Order

BratOK Terran - Winner!

Build Orders: Gas First Reaper Expand, Hellion Opening 

Get SALT Encoding   

  12  0:00  SCV  
  13  0:12  SCV  
  14  0:17  Supply Depot  
  14  0:25  SCV  
  15  0:29  Refinery  
  15  0:38  SCV  
  16  0:44  Barracks  
  16  0:50  SCV  
  17  1:02  SCV  
  18  1:15  SCV  
  19  1:31  Orbital Command  
  19  1:32  Reaper  
  20  1:42  Command Center  
  20  1:53  Factory  
  20  1:57  SCV  
  21  2:02  Refinery  
  21  2:06  Barracks Reactor  
  21  2:09  SCV  
  22  2:16  Supply Depot  
  22  2:21  SCV  
  23  2:37  SCV  
  23  2:40  Starport  
  24  2:49  SCV  
  25  2:55  Hellion  
  25  2:56  Hellion  
  28  2:59  Orbital Command  
  28  3:03  SCV  
  29  3:07  Barracks Tech Lab  
  29  3:17  Hellion x2  
  33  3:20  SCV  
  33  3:25  SCV  
  35  3:29  Viking  
  35  3:34  SCV  
  38  3:37  SCV  
  38  3:39  Supply Depot  
  39  3:45  Hellion  
  39  3:46  SCV  
  42  3:50  SCV  
  42  3:54  Hellion  
  45  3:58  SCV  
  45  4:01  Liberator  
  49  4:03  Supply Depot  
  49  4:05  SCV  
  49  4:08  Hellion  
  52  4:10  SCV  
  53  4:21  SCV  
  54  4:24  SCV  
  54  4:25  Command Center  
  54  4:28  Supply Depot  
  55  4:33  Hellion  
  55  4:34  SCV  
  55  4:37  SCV  
  59  4:46  SCV  
  59  4:49  SCV, Factory x2  
  59  4:50  Barracks Tech Lab  
  61  4:54  Refinery x2  
  61  4:58  SCV  
  62  5:01  SCV  
  63  5:07  Hellion  
  63  5:08  Hellion  
  63  5:10  SCV  
  63  5:13  SCV  
  69  5:22  SCV  
  69  5:23  Factory  
  69  5:26  Factory  
  70  5:29  Starport Reactor  
  70  5:35  Supply Depot  
  70  5:37  Armory, SCV x2  
  72  5:45  Barracks Tech Lab  
  72  5:47  Cyclone x2  
  72  5:49  SCV x2  
  80  5:58  Hellion x2  
  80  5:59  Supply Depot  
  80  6:01  SCV  
  85  6:16  SCV x2  
  85  6:18  Mag-Field Accelerator  
  85  6:19  Orbital Command  
  85  6:22  Cyclone x2  
  91  6:28  SCV x2  
  90  6:34  Cyclone  
  90  6:35  Infernal Pre-Igniter  
  93  6:40  SCV x2  
  93  6:41  Refinery  
  93  6:42  Refinery  
  93  6:46  Supply Depot  
  95  6:47  SCV  
  95  6:52  SCV  
  95  6:53  SCV  
  96  6:54  Cyclone  
  96  6:55  Hellion  
  101  7:07  SCV x2, Cyclone  
  101  7:08  SCV, Widow Mine  
  109  7:15  Supply Depot  
  103  7:16  Engineering Bay  
  103  7:19  SCV x2  
  103  7:20  Cyclone  
  103  7:21  Supply Depot  
  103  7:22  Supply Depot  
  108  7:31  Drilling Claws  
  108  7:34  SCV  
  108  7:36  SCV x2, Cyclone, Widow Mine  
  116  7:43  Hellion, Cyclone  
  121  7:44  Terran Vehicle And Ship Armor Level 1  
  121  7:46  SCV  
  121  7:49  SCV  
  123  7:52  Cyclone  
  123  7:53  Supply Depot  
  126  8:00  Hellion  
  126  8:01  Hellion  
  126  8:04  Supply Depot  
  130  8:08  Cyclone  
  133  8:14  Supply Depot  
  133  8:15  SCV x2, Hellion x2  
  133  8:17  Supply Depot  
  139  8:21  Liberator  
  137  8:28  Cyclone x2  
  137  8:29  Hellion x2  
  137  8:30  SCV x3  
  146  8:35  Command Center  
  146  8:36  Hellion  
  146  8:40  Cyclone  
  154  8:42  Supply Depot  
  154  8:43  Supply Depot  
  154  8:44  SCV x2  
  156  8:53  Barracks Reactor  
  156  8:55  Factory  
  156  8:57  SCV, Factory  
  156  9:01  Cyclone x2  
  163  9:12  Cyclone, Refinery  
  163  9:13  Refinery  
  164  9:17  Smart Servos  
  164  9:22  Starport Reactor  
  164  9:23  Factory  
  164  9:35  Armory  
  164  9:40  Command Center  
  164  9:41  Cyclone x2  
  164  9:42  Widow Mine x3  
  164  9:45  Cyclone  
  179  9:48  Factory Tech Lab  
  179  9:55  Planetary Fortress  
  179  10:06  Widow Mine x3  
  185  10:12  Terran Vehicle And Ship Armor Level 2  
  185  10:13  Cyclone x2  
  179  10:17  Cyclone  
  179  10:20  Hellion, Cyclone  
  179  10:21  Hellion x2  
  168  10:30  Hellion  
  168  10:31  Hellion  
  153  10:35  Hellion  
  153  10:45  Cyclone x2  
  153  10:49  Cyclone  
  160  10:51  Hellion x3, Factory Tech Lab  
  160  10:52  Cyclone  
  167  10:58  Hellion  
  167  10:59  Hellion  
  166  11:04  Hellion  
  161  11:12  Hellion  
  161  11:17  Hellion, Cyclone x3  
  161  11:18  Hellion  
  158  11:20  Hellion x2  
  158  11:21  Cyclone  
  158  11:24  Cyclone  
  164  11:27  Hellion  
  151  11:34  Hellion  
  151  11:39  Planetary Fortress, Hellion  
  155  11:42  Hellion  
  155  11:43  Hellion  
  159  11:49  Cyclone x3  
  159  11:53  Cyclone  
  171  11:56  Cyclone  
  171  12:00  Hellion x2  
  178  12:06  Refinery  
  178  12:07  Refinery  
  164  12:13  Hellion  
  146  12:19  Hellion  
  146  12:20  Hellion  
  146  12:21  Cyclone x2  
  146  12:22  Cyclone  
  162  12:31  Hellion x2  
  162  12:32  SCV  
  162  12:42  SCV  
Tags
 
Add a new tag
Caveats
  • Supply blocks, unpowered buildings, or Contaminate may cause inaccurate times.
  • Supply counts are checked every 10 seconds.